Cogmind - Beta 17 @@@ ROGUE MODE // 2026.08.24 @ 17:48:43 Player: LandRaider Result: Destroyed by G-34 Mercenary with Small Laser Performance ------------- Evolutions (1) 500 Regions Visited (2) 400 Robots Destroyed (51) 255 Value Destroyed (913) 913 Prototype IDs (3) 60 Alien Tech Used (0) 0 Bonus (9759) 9759 TOTAL SCORE: 11887 Bonus ------- High Alert Combat Kills 59 Prayed to X0-1V1 5000 Major X0-1V1 Interference 4700 Cogmind --------- Core Integrity 0/300 Matter 300/300 Energy 160/160 System Corruption 17% Temperature Cool (6) Movement Treading (160) Location -9/Materials Parts ------- > --- POWER (1) -------- Light Nuclear Core > --- PROPULSION (3) --- Light Treads > --- UTILITY (3) ------ Heat Sink > --- WEAPON (2) ------- (None) > --- INVENTORY (5) ---- Heat Sink Structural Scanner Signal Interpreter Improved Terrain Scanner Seismic Detector Peak State ------------ > --- POWER ------------ Ion Engine > --- PROPULSION ------- Light Treads Aluminum Leg Aluminum Leg > --- UTILITY ---------- Small Storage Unit Sensor Array X0-1V1's Piety Tracker > --- WEAPON ----------- Improved Assault Rifle Improved Assault Rifle > --- INVENTORY -------- Heat Sink Large Storage Unit Huge Storage Unit Structural Scanner Signal Interpreter Improved Terrain Scanner Seismic Detector Improved Medium Laser [Rating: 26] Favorites ----------- Power Ion Engine Engine Ion Engine Power Core Light Nuclear Core Propulsion Aluminum Leg Treads Light Treads Leg Aluminum Leg Utility X0-1V1's Piety Tracker Device X0-1V1's Piety Tracker Storage Large Storage Unit Weapon Assault Rifle Energy Gun Improved Medium Laser Ballistic Gun Assault Rifle Special Weapon Mining Laser Build | -11 -10 -9 ------- Run | Yrd Mat Mat Slots Evolved 2 | . . 2 Power . | . . . Propulsion 1 | . . 1 Utility 1 | . . 1 Weapon . | . . . Parts Attached 37 | 10 12 15 Power 7 | 1 2 4 Engine 5 | 1 2 2 Core 2 | . . 2 Reactor . | . . . Propulsion 8 | 4 1 3 Treads 4 | 2 . 2 Leg 4 | 2 1 1 Wheel . | . . . Hover . | . . . Flight . | . . . Utility 10 | 2 5 3 Device 5 | 1 2 2 Storage 5 | 1 3 1 Processor . | . . . Hackware . | . . . Protection . | . . . Artifact . | . . . Weapon 12 | 3 4 5 Energy Gun 3 | 1 . 2 Energy Cannon . | . . . Ballistic Gun 8 | 2 3 3 Ballistic Cannon . | . . . Launcher . | . . . Special Weapon 1 | . 1 . Impact Weapon . | . . . Slashing Weapon . | . . . Piercing Weapon . | . . . Special Melee Weapon . | . . . Unidentified Prototypes 3 | . 1 2 Parts Lost 17 | . 3 14 Power 3 | . 1 2 Propulsion 3 | . . 3 Utility 3 | . . 3 Weapon 8 | . 2 6 Highest Loss Streak 10 | . 1 10 To Critical Strikes . | . . . Average Backups 10 | 3 11 7 Power 1 | . 1 . Propulsion 1 | 2 1 . Utility 5 | . 5 6 Weapon 2 | . 2 . Tool/Special . | . . . Unused Backups 7 | . 3 4 Power . | . . . Propulsion 2 | . 2 . Utility 5 | . 1 4 Weapon . | . . . Tool/Special . | . . . Average Slot Usage (%) 85 | . 88 69 Engine 11 | . 11 7 Treads 2 | . 3 2 Leg 16 | . 17 11 Device 12 | . 11 18 Storage 11 | . 12 9 Ballistic Gun 24 | . 27 12 Special Weapon 3 | . 4 2 Peak Build Rating 26 | 8 22 26 Average Rating 16 | 5 15 19 On Entrance 9 | . 8 20 Avg Prop Armor Cover (%) 14 | . 17 12 Naked Turns . | . . . Heaviest Build 91 | 15 91 18 Greatest Support 40 | 40 40 20 Greatest Overweight (x) 30 | . 30 4 Average Overweight (x) 1 | . 2 . Largest Inventory Capacity 25 | 8 25 25 Average Capacity 16 | 6 19 7 Most Carried 15 | 8 15 10 Average Carried 10 | 4 11 7 Final Capacity 25 | 8 25 5 Final Carried 11 | 8 11 5 Class Distribution -------------------- 51% | Mutant 24% | Scavenger-Gunner 13% | Gunner 9% | Scavenger-Mutant Dominant Class ---------------- Mutant | -10/Materials Scavenger-Mutant | -9/Materials Resources | -11 -10 -9 ----------- Run | Yrd Mat Mat Matter Collected 1276 | 311 602 363 Remotely . | . . . Salvage Created 1721 | 163 1155 403 Parts 99 | 12 64 23 Haulers Intercepted 3 | . 1 2 Recyclers Shooed 2 | . 1 1 Parts Field Recycled . | . . . Retrieved Matter . | . . . Parts Self-Destructed . | . . . Prevented . | . . . Parts Restored . | . . . Kills | -11 -10 -9 ------- Run | Yrd Mat Mat Combat Hostiles Destroyed 29 | . 21 8 Guns 28 | . 20 8 AOE 1 | . 1 . Classes Destroyed 9 | 3 5 1 Worker 5 | 1 4 . Builder 4 | . 4 . Tunneler 3 | 2 1 . Hauler 3 | . 1 2 Recycler 4 | 1 3 . Watcher 3 | . 2 1 Swarmer 12 | . 9 3 Grunt 15 | . 12 3 Sentry 2 | . . 2 Best Kill Streak 5 | 3 5 3 Combat Bots Only 5 | . 5 3 Max Kills in Single Turn 2 | 1 2 1 Gunslinging 1 | . 1 . Exploded 1 | . 1 . Melee . | . . . Uniques/NPCs Destroyed . | . . . Combat | -11 -10 -9 -------- Run | Yrd Mat Mat Hostile Shots Fired 278 | . 126 152 Missed 77 | . 30 47 Hits 201 | . 96 105 Projectile 201 | . 96 105 Critical Strikes 2 | . 1 1 Damage Taken 2324 | . 956 1368 Core 519 | . 208 311 Absorbed by Shields . | . . . Core Remaining (%) 51 | 100 3 . Volleys Fired 163 | 10 107 46 Largest 4 | 2 4 2 Hottest 112 | 40 100 112 Shots Fired 339 | 20 239 80 Gun 325 | 20 226 79 Cannon . | . . . Launcher . | . . . Special 14 | . 13 1 Kinetic 297 | 20 226 51 Thermal 42 | . 13 29 Explosive . | . . . Electromagnetic . | . . . Robot Hit Streak 20 | 5 8 20 Robot Miss Streak 9 | 2 9 3 Penetration Max . | . . . Secondary Targets 8 | . 7 1 Max Gunslinging Chain 1 | . 1 1 Shots Hit Robots 174 | 14 98 62 Core Hits 72 | 5 46 21 Critical Kills . | . . . Critical Parts Destroyed . | . . . Critical Strikes 3 | . . 3 Burn 3 | . . 3 Melee Attacks . | . . . Impact . | . . . Slashing . | . . . Piercing . | . . . Sneak Attacks . | . . . Combat Hostiles . | . . . Follow-up Attacks . | . . . Damage Inflicted 2124 | 168 1106 850 Guns 2113 | 168 1106 839 Cannons . | . . . Explosions . | . . . Melee . | . . . Ramming 11 | . . 11 Kinetic 1770 | 168 1106 496 Thermal 343 | . . 343 Explosive . | . . . Electromagnetic . | . . . Impact . | . . . Slashing . | . . . Piercing . | . . . Highest Corruption 17 | . . 17 Average Corruption 17 | . . 17 Corruption Purged . | . . . Corruption Blocked . | . . . Effects 1 | . . 1 Message Errors 1 | . . 1 Overload Shots . | . . . Overflow Damage . | . . . Projectiles . | . . . Explosions . | . . . Melee . | . . . Knockbacks . | . . . Impact . | . . . Kinetic . | . . . Secondary . | . . . Self-Inflicted Damage . | . . . Shots . | . . . Rammed 1 | . . 1 Targets Rammed 4 | . . 4 Kicked 2 | . . 2 Crushed 1 | . . 1 Highest Temperature 535 | . 535 88 Average Temperature 123 | . 156 25 Received Heat Transfer 917 | . 305 612 Effects 19 | . 19 . Shutdowns 2 | . 2 . Matter Decay 1 | . 1 . Short Circuit 3 | . 3 . Damage (minor) 2 | . 2 . Damage (major) 11 | . 11 . Siege Activations . | . . . Martial Activations . | . . . Shielding Activations . | . . . Robots Disrupted . | . . . Combat Hostiles . | . . . Robots Corrupted . | . . . Combat Hostiles . | . . . Parts Fried . | . . . Impact Corruptions . | . . . Robots Melted . | . . . Combat Hostiles . | . . . Parts Melted 7 | . 5 2 Heat Transferred 999 | . . 999 Parts Sabotaged . | . . . Parts Stolen . | . . . Parts Stripped . | . . . Power Chain Reactions . | . . . Alert | -11 -10 -9 ------- Run | Yrd Mat Mat Maximum Alert Level 2 | . 2 1 Low Security (%) 61 | 100 51 95 Level 1 2 | . 1 4 Level 2 36 | . 46 . Level 3 . | . . . Level 4 . | . . . Level 5 . | . . . High Security . | . . . Max Security . | . . . Peak Influence 548 | 10 548 205 Initial 200 | . 3 200 Average 232 | 1 264 144 Influence Increases 1292 | 20 996 276 Destroy 0b10 Robot/C 580 | . 420 160 Destroy 0b10 Robot/NC 110 | 20 75 15 Destroy Leader 92 | . 66 26 Successful Hack 9 | . 9 . Select Force Hacks 30 | . 30 . Disable Machine 45 | . 30 15 Destroy Structure 14 | . 14 . Partial Spotted 15 | . 15 . Lose Combat Pursuer 195 | . 135 60 Miscellaneous 202 | . 202 . Influence Decreases 1178 | 15 527 636 Entered New Map 276 | . 2 274 Time Decay 732 | 15 495 222 Lost Part 170 | . 30 140 Squads Dispatched 8 | . 4 4 Investigation 4 | . 2 2 Extermination . | . . . Reinforcement 1 | . . 1 Assault 3 | . 2 1 Garrison . | . . . Intercept . | . . . Searches Triggered . | . . . Construction Impeded . | . . . Haulers Reinforced . | . . . Active Scanning Responses . | . . . Cargo Convoy Interrupts . | . . . Stealth | -11 -10 -9 --------- Run | Yrd Mat Mat Distress Signals 3 | . 2 1 Communications Jammed . | . . . Distress Signals . | . . . Times Spotted 64 | . 34 30 Peak Tracking Total 9 | . 6 9 Tactical Retreats 8 | . 4 4 Traps | -11 -10 -9 ------- Run | Yrd Mat Mat Traps Triggered 3 | . 2 1 Indirectly . | . . . Trap Hack Attempts . | . . . Triggered . | . . . Disarmed . | . . . Reprogrammed . | . . . Reused . | . . . Traps Extracted . | . . . Installed . | . . . Triggered . | . . . Machines | -11 -10 -9 ---------- Run | Yrd Mat Mat Machines Disabled 3 | . 2 1 Max in Single Turn 1 | . 1 1 Machines Repaired . | . . . Machines Dismantled . | . . . Machines Sabotaged . | . . . Overloaded Fab Kills . | . . . Hacking | -11 -10 -9 --------- Run | Yrd Mat Mat Machines Accessed 10 | . 8 2 Terminals 9 | . 7 2 Fabricators . | . . . Repair Stations . | . . . Recycling Units 1 | . 1 . Scanalyzers . | . . . Garrison Access . | . . . Total Hacks 31 | . 24 7 Successful 13 | . 9 4 Failed 18 | . 15 3 Catastrophic . | . . . Database Lockouts . | . . . Manual 18 | . 14 4 Terminals 30 | . 23 7 Fabricators . | . . . Repair Stations . | . . . Recycling Units 1 | . 1 . Scanalyzers . | . . . Garrison Access . | . . . Terminal Hacks 6 | . 4 2 Robot Analysis 1 | . 1 . Branch Access Points 1 | . . 1 Emergency Access Points 1 | . 1 . Investigation Status 1 | . 1 . Recall Investigation 1 | . 1 . Zone Layout 1 | . . 1 Fabricator Hacks . | . . . Repair Station Hacks . | . . . Recycling Unit Hacks . | . . . Scanalyzer . | . . . Garrison Access Hacks . | . . . Unauthorized Hacks 7 | . 5 2 Terminals 6 | . 4 2 Botnet 6 | . 4 2 Fabricators . | . . . Repair Stations . | . . . Recycling Units 1 | . 1 . Tunnel 1 | . 1 . Scanalyzers . | . . . Garrison Access . | . . . Data Cores Recovered . | . . . Used . | . . . Hacking Detections 9 | . 7 2 Full Trace Events 2 | . 1 1 Feedback Events . | . . . Feedback Blocked . | . . . Robot Schematics Acquired . | . . . Robots Built . | . . . Authchips . | . . . Time . | . . . Total Robot Build Rating . | . . . Part Schematics Acquired . | . . . Parts Built . | . . . Authchips . | . . . Time . | . . . Total Part Build Rating . | . . . Part Studies Acquired . | . . . Parts Repaired . | . . . Time . | . . . Parts Recycled . | . . . Recycled Matter . | . . . Retrieved Matter . | . . . Retrieved Components . | . . . Parts Scanalyzed . | . . . Part Schematics Acquired . | . . . Parts Damaged . | . . . Bothacking | -11 -10 -9 ------------ Run | Yrd Mat Mat Used RIF Installer . | . . . Robots Hacked . | . . . Non-combat . | . . . Combat . | . . . Robot Hacks Applied . | . . . Relay Couplers Released . | . . . Fabnet Peak Effective % . | . . . Robots Rewired . | . . . Allies Hacked . | . . . Hacks Repelled . | . . . Allies | -11 -10 -9 -------- Run | Yrd Mat Mat Total Allies . | . . . Largest Group . | . . . Highest-Rated Group . | . . . Highest-Rated Ally . | . . . Total Orders . | . . . Ally Attacks . | . . . Total Damage . | . . . Kills . | . . . Allies Corrupted . | . . . Allies Melted . | . . . X0-1V1 Amusement Gains 47 | . 7 40 Good Acts 8 | . 7 1 Bad Acts 25 | . 15 10 Intel | -11 -10 -9 ------- Run | Yrd Mat Mat Active Infowar (turns) 1004 | 15 663 326 Sensors 326 | . . 326 Seismic 678 | 15 663 . Robot Analysis Total 1 | . 1 . Derelict Logs Recovered . | . . . Drone Launches . | . . . Drone Recoveries . | . . . Exploration | -11 -10 -9 ------------- Run | Yrd Mat Mat Turns Passed 2648 | 107 2064 477 Spaces Moved 868 | 45 619 204 Core 24 | 4 6 14 Treads 93 | 11 41 41 Legs 751 | 30 572 149 Wheels . | . . . Hover . | . . . Flight . | . . . Fastest Speed 50 | 50 120 50 Average Speed 238 | 123 274 155 Slowest Speed 1550 | 160 1550 250 Overloaded Moves . | . . . Propulsion Burnouts . | . . . Robots Hopped . | . . . Potential Cave-ins . | . . . Cave-ins Triggered . | . . . Exploration Rate (%) 38 | 4 90 22 Regions Visited 2 Branch Regions . Pre-discovered Areas 1 | . 1 . Known Exits Taken . | . . . Unknown Exits Taken 2 | 1 1 . Scrap Searched . | . . . Spaces Dug 6 | . 6 . Terrain Destroyed 10 | . 10 . Melee . | . . . Projectile 10 | . 10 . AOE . | . . . Terrain Rammed . | . . . Walls Destroyed . | . . . Machines Disabled . | . . . Actions | -11 -10 -9 --------- Run | Yrd Mat Mat Total 1128 | 72 771 285 Wait 8 | . 8 . Move 866 | 44 618 204 Hop . | . . . Pick Up 19 | 6 9 4 Fast Attach 26 | 9 4 13 Attach 10 | . 6 4 Detach 5 | 2 2 1 Swap 12 | 1 9 2 Drop 15 | . 8 7 Fire 163 | 10 107 46 Melee . | . . . Ram . | . . . Kick 2 | . . 2 Crush 2 | . . 2 Escape Stasis . | . . . Rewire . | . . . Trap . | . . . Miscellaneous . | . . . Route ------- -11/Scrapyard -10/Materials (discovered 5 exits: *Mat x2 / [*Min x2] / [*Sub]) -9/Materials (discovered 1 exit: *Min) History --------- Turn | Location | Event 10 | -11/Scrapyard | Discovered new exit (range 14) 108 | -11/Scrapyard | Entered Materials 176 | -10/Materials | Discovered new exit (range 10) 227 | -10/Materials | Discovered new exit (range 4) 301 | -10/Materials | Build established: Mutant 632 | -10/Materials | Discovered new exit (range 10) 760 | -10/Materials | Discovered new exit (range 7) 769 | -10/Materials | Prayed at D.C.S.S. Altar Unit 908 | -10/Materials | Derelicts attacked the area 1066 | -10/Materials | Energy generation permanently improved by X0-1V1 (+10; -100 max core) 1088 | -10/Materials | X0-1V1 foreshadows a heat wave 1179 | -10/Materials | Discovered new exit (range 13) 1183 | -10/Materials | Weapon slot count temporarily expanded by X0-1V1 (+3) 1214 | -10/Materials | X0-1V1 added 0b10 threat records associated with you (considerable) 1226 | -10/Materials | X0-1V1 sent you into danger 1264 | -10/Materials | X0-1V1 sent hostile G-34 Mercenary (x5) 1282 | -10/Materials | Core integrity fell below 50% 1414 | -10/Materials | Ambient heat levels rising (+10) 1476 | -10/Materials | Build established: Gunner 1726 | -10/Materials | Core integrity fell below 20% 1847 | -10/Materials | Build established: Scavenger-Gunner 2172 | -10/Materials | Entered another Materials area 2172 | -9/Materials | Evolved 2 slots: Propulsion x1, Utility x1 2255 | -9/Materials | Discovered new exit (range 3) 2390 | -9/Materials | Identified exit to Mines 2472 | -9/Materials | X0-1V1 tapped a No Entrance sign 2541 | -9/Materials | X0-1V1 sent you into danger 2572 | -9/Materials | X0-1V1 upgraded hostiles (x2) 2588 | -9/Materials | Core integrity fell below 50% 2604 | -9/Materials | Core integrity fell below 20% 2610 | -9/Materials | System corruption reached 10% 2636 | -9/Materials | Lost 10 parts (1p3n3u3w) 2649 | -9/Materials | Destroyed by G-34 Mercenary with Small Laser Last Messages --------------- 02599_ Matter capacity returns to normal. 02603_ Acquired 107 matter. 02604_ G-47 Trooper destroyed. 02605_ Acquired 55 matter. 02605_ Imp. Medium Laser destroyed. 02605_ X0-1V1 is amused. 02607_ Acquired Lgt. Nuclear Core. 02609_ X0-1V1 brushes you with a corrupting influence (+17 system corruption). 02610_ Acquired Lgt. Treads. 02613_ Dropped Lgt. Nuclear Core. 02619_ R-06 Scavenger collects Lgt. Nuclear Core. 02619_ K-01 Serf collects debris. 02630_ Acquired 38 matter. 02633_ <1PP15TX9=RAP=P SE4|YCDSTWB5M9 02634_ Acquired 54 matter. 02634_ X0-1V1 stares into the ether. G-47 Trooper form shifts and blurs. 02638_ Acquired 8 matter. 02649_ X0-1V1 laughs nastily! Map ----- +----------------------------------------------------+ | | | | | | | | | | | | | | | | | | | | | | | | | | | | | | | ?????????????????????????????????????????????????? | | ?????????????????????????????????????????????????? | | ######???????????????????????????????????????????? | | #?#######################???????????????????? | | "" #?# #???????????????????? | | "" #?#! #???????????????????? | | "" #?# #???????????????????? | | #?####+############## #???????????????????? | | ??# # # #??????????? #??????? | | ##+##??# """ # """ # ##????????? ???????? | | # [ #### """ #[ """ @ ##########+######+#?? | | # [ + """ # """ # | | #!! #### # # | | ## ##??# """ # "" # %gg | | ?# #???# """ # "Y ######## ###+######+### | | ?# #???# """ # "" #?###### #????????????? | | ?# #???# # #??????# #????????????? | | ?# #???#+######################## #????????????? | | ?# #?????????????# # #????????????? | | ?# #?????????????#! """ # #????????????? | | ?# #?????????????# R" # #????????????? | | ?# ##### ##??????# """ # #####+####+########## | | ?# + ! *# # ## #????????? | | ?# ########??????######+## # ## #????????? | | ?# #?????########?????# / ## #????????? | | ?# #?????# """ #?????# # " " ## #????????? | | ?# ####### """ ####### # ## ########?? | | ?# ## ## """ + ########## # *[[#?? | | ?# > + ###########/#####?????# # *[[#?? | | ?#### ## #??????# [ = #?????# # #?? | | ????## ### #??????# !!! #?????# #### ### | | ?????# #?########??????#!!! ####### #??# | | ?????# #???????????????# ! # ## #### | | ????? ???????????????# +%" ## | | ????? ???????????????# """ #" + | +----------------------------------------------------+ Best States ------------- Heat Dissipation 38 Energy Generation 24 Energy Capacity 250 Matter Stores 300 Matter Capacity 300 Sight Range 22 Robot Scan Range 14 Terrain Scan Density 10 Evasion (%) 55 Recoil Reduction 2 Item Schematics ----------------- None Robot Schematics ------------------ None Fabricated ------------ Nothing Repaired ---------- Nothing Studied --------- None Alien Tech Used ----------------- None Achievements -------------- None Challenges ------------ None Game ------ Seed ChromaticNullBank Manual? 0 Play Time 00:19:49 Cumulative 103.2 hours Start 2026.08.24 @ 17:28:08 End 2026.08.24 @ 17:48:43 Sessions 1 Manual Loads 0 Difficulty Rogue Special Mode None Game No. 93 Rogue 91 Adventurer 2 Explorer 0 Win Type - Total 0 Types 0/0/0/0/0/0/0/0/0/0 Lore% 47 Gallery% 43 Achievement% 35 Wizard Run 0 Options --------- Layout 0 ASCII 0 Keyboard 0 Movement Mouse Keybinds 0 Fullscreen 2 Font 24/Smallcaps Map View 76x50 Zoom Use 0% Tactical HUD 1 Map Filters NONE Filters NONE Steam 1 RUN: e288fe99-485c-4576-a032-656934ad788d